 Dungeon Crawl Stone Soup version 0.26-a0-597-gb535b09 (webtiles) character file.

Game seed: 11820741487510141638

32926 MrTaco21 the Peltast (level 13, -3/81 HPs)
             Began as a Gargoyle Fighter on Aug 26, 2020.
             Was the Champion of Okawaru.
             Slain by a wyvern simulacrum (10 damage)
             ... on level 14 of the Dungeon.
             The game lasted 00:30:22 (17442 turns).

MrTaco21 the Peltast (Gargoyle Fighter)            Turns: 17442, Time: 00:30:23

Health: -3/81      AC: 37    Str: 32    XL:     13   Next: 67%
Magic:  13/13      EV:  9    Int:  5    God:    Okawaru [******]
Gold:   999        SH: 19    Dex:  8    Spells: 12/12 levels left

rFire    + . .     SeeInvis +   p - +3 flail (protect)
rCold    . . .     Faith    .   H - +0 kite shield
rNeg     + + .     Spirit   .   T - +4 chain mail of Elyvilon's Inspiration {Harm Str+8 Int-5 Dex-4}
rPois    ∞         Reflect  +   G - +1 helmet {SInv}
rElec    +         Harm     +   F - +0 cloak
rCorr    .                      (no gloves)
MR       .....                  y - +0 pair of boots {Stlth+}
Stlth    ..........             D - amulet of reflection
HPRegen  0.23/turn              o - ring of protection from cold
MPRegen  0.13/turn              V - ring "Kiffach" {Fire rN+ Dex+3 Slay+3}

@: protection aura
A: negative energy resistance 1, electricity resistance, unbreathing,
petrification resistance, rot immunity, AC +9
a: Heroism, Finesse, Renounce Religion


You were on level 14 of the Dungeon.
You worshipped Okawaru.
Okawaru was exalted by your worship.
You visited 2 branches of the dungeon, and saw 15 of its levels.

You collected 999 gold pieces.

Inventory:

Hand Weapons
 p - a +3 flail of protection (weapon)
   (You took it off Edmund on level 3 of the Dungeon)
Missiles
 r - 91 poisoned darts (quivered)
 B - a throwing net {!f}
Armour
 m - a +0 plate armour
   (You found it on level 2 of the Dungeon)
 y - a +0 pair of boots of stealth (worn)
   (You found it on level 5 of the Dungeon)
 F - a +0 cloak (worn)
   (You took it off Maurice on level 8 of the Dungeon)
 G - a +1 helmet of see invisible (worn)
   (You found it on level 13 of the Dungeon)
 H - a +0 kite shield (worn)
 T - the +4 chain mail of Elyvilon's Inspiration (worn) {Harm Str+8 Int-5 Dex-4}
   (You found it on level 13 of the Dungeon)

   It affects your strength (+8).
   It affects your intelligence (-5).
   It affects your dexterity (-4).
   It increases damage dealt and taken.
Jewellery
 o - a ring of protection from cold (left hand)
   (You took it off a kobold on level 7 of the Dungeon)
 z - an uncursed ring of see invisible
   (You took it off a centaur on level 13 of the Dungeon)
 D - an amulet of reflection (around neck)
   (You found it on level 3 of the Dungeon)
 S - an uncursed amulet of the acrobat {unknown}
   (You found it on level 14 of the Dungeon)
 U - an uncursed ring of protection from cold
   (You found it on level 13 of the Dungeon)
 V - the ring "Kiffach" (right hand) {Fire rN+ Dex+3 Slay+3}
   (You took it off a skeletal warrior on level 13 of the Dungeon)

   [ring of fire]

   It enhances your fire magic.
   It affects your dexterity (+3).
   It affects your accuracy and damage with ranged weapons and melee attacks
   (+3).
   It protects you from fire.
   It makes you vulnerable to cold.
   It protects you from negative energy.
Wands
 c - a wand of disintegration (12)
   (You found it on level 8 of the Dungeon)
 d - a wand of iceblast (28)
   (You found it on level 6 of the Dungeon)
 q - a wand of polymorph (11)
   (You took it off Robin on level 4 of the Dungeon)
 t - a wand of flame (13)
   (You found it on level 9 of the Dungeon)
 v - a wand of digging (6)
   (You took it off Maurice on level 8 of the Dungeon)
 x - a wand of acid (5)
   (You took it off Ijyb on level 3 of the Dungeon)
 I - a wand of enslavement (14)
   (You found it on level 5 of the Dungeon)
Scrolls
 a - 2 scrolls of vulnerability {unknown}
 b - 5 scrolls of remove curse {@r2}
 f - 2 scrolls of enchant weapon {unknown}
 g - 6 scrolls of amnesia
 h - 5 scrolls of fog
 n - 3 scrolls of magic mapping
 s - 2 scrolls of random uselessness {unknown}
 u - 3 scrolls of teleportation {@r4}
 w - 2 scrolls of fear
 K - 4 scrolls of enchant armour
 L - 4 scrolls of noise {!r}
 M - a scroll of acquirement {unknown}
 N - 2 scrolls of blinking
 P - 3 scrolls of immolation {unknown}
 Q - a scroll of summoning {unknown}
Potions
 e - a potion of degeneration {!q}
 i - 4 potions of heal wounds {@q2}
 j - 4 potions of flight
 k - 2 potions of brilliance
 l - 4 potions of stabbing
 A - 5 potions of curing {@q1}
 C - 5 potions of might
 E - 2 potions of lignification {!q}
 J - a potion of magic {unknown}
 O - 2 potions of resistance
 R - 4 potions of mutation {!q}


   Skills:
 + Level 9.6 Fighting
 - Level 14.0 Maces & Flails
 + Level 9.7 Armour
 - Level 15.0 Shields


You had 12 spell levels left.
You didn't know any spells.
Your spell library contained the following spells:

 Spells                   Type           Power        Failure   Level
 Animate Skeleton         Necr           #.....       89%         1
 Pain                     Necr           #...         89%         1
 Vampiric Draining        Necr           #.........   99%         3
 Animate Dead             Necr           #.........   100%        4
 Agony                    Necr           #.......     100%        5
 Bolt of Magma            Conj/Fire/Erth #.........   100%        5
 Iskenderun's Battlesphe  Conj           #.......     100%        5
 Iron Shot                Conj/Erth      #.........   100%        6
 Orb of Destruction       Conj           #.........   100%        7
 Spellforged Servitor     Conj/Summ      #.........   100%        7


Dungeon Overview and Level Annotations

Branches:
Dungeon (14/15)            Temple (1/1) D:4            Lair (0/6) D:10
    Orc (0/2) D:9          Vaults (0/5) D:13

Altars:
Ashenzari
Cheibriados
Dithmenos
Elyvilon
Fedhas
Gozag
Hepliaklqana
Kikubaaqudgha
Makhleb
Nemelex Xobeh
Okawaru
Qazlal
Ru
Sif Muna
Trog
Uskayaw
Vehumet
Wu Jian
Xom
Yredelemnul
Zin
The Shining One
Beogh

Shops:
D:5 (

Portals:
Trove: D:13 (give +3 gold dragon scales)

Annotations:
D:11 3 runed translucent doors, jonnos's ghost, novice DrCj


Innate Abilities, Weirdness & Mutations

You are resistant to torment.
Your stone body is resilient. (AC +9)
You are immune to poison.
You resist negative energy. (rN+)
You are resistant to electric shocks. (rElec)
You can survive without breathing.
You are immune to petrification.
You are immune to rotting.


Message History

Two slime creatures merge to form a titanic slime creature.
You block the centaur's attack.
You bludgeon the titanic slime creature!!
You block the centaur's attack.
You block the wyvern simulacrum's attack.
The centaur barely misses you.
The vampire mosquito bites you but does no damage.
The boggart barely misses you. You block the centaur's attack.
You block the titanic slime creature's attack.
The centaur hits you but does no damage.
You barely miss the titanic slime creature.
The vampire mosquito bites you but does no damage.
You block the wyvern simulacrum's attack.
You block the centaur's attack.
The centaur hits you but does no damage.
You block the boggart's attack. The titanic slime creature hits you!!!
Ouch! That really hurt!
* * * LOW HITPOINT WARNING * * *
The centaur barely misses you.
You are too injured to fight recklessly!
You are too injured to fight recklessly!
You are too injured to fight recklessly!
You are too injured to fight recklessly!
You are too injured to fight recklessly!
You are too injured to fight recklessly!
You are too injured to fight recklessly!
You are too injured to fight recklessly!
You are too injured to fight recklessly!
You are too injured to fight recklessly!
You are too injured to fight recklessly!
You are too injured to fight recklessly!
You are too injured to fight recklessly!
You are too injured to fight recklessly!
You are too injured to fight recklessly!
You are too injured to fight recklessly!
You are too injured to fight recklessly!
You are too injured to fight recklessly!
You are too injured to fight recklessly!
You are too injured to fight recklessly!
You are too injured to fight recklessly!
You hit the centaur.
You block the vampire mosquito's attack.
You block the wyvern simulacrum's attack.
The centaur hits you but does no damage.
The centaur barely misses you. You block the boggart's attack.
The centaur hits you but does no damage.
The vampire mosquito bites you but does no damage.
You sock the centaur! You block the centaur's attack. x2
The wyvern simulacrum bites you!
You die...

.<......$..
F#..................... .
##....z...(.........
###..................#
##...................# ...
..c..................#......
...<.........(.Vc....#......
..#...........(Jgc........#
. #
##.#>(.......Z@cc(.....)#..#
.# ........JycZ..........#
.J .........y(...(...##..##
.###..................(...
.. ............(....##... ..
.................##.#
..............(.†)).###
.................)<...## #
...........(.....).....#.#


You could see a titanic slime creature (summoned), a slime creature (summoned),
a vampire (invisible), 2 vampire mosquitoes, 5 centaurs, a boggart, a wyvern
simulacrum and a centaur warrior skeleton.

Vanquished Creatures
  The ghost of Foren the Zephyrmancer, a journeyman TeAE of Vehumet (D:13)
  4 vault guards (D:13)
  5 two-headed ogres
  3 centaur warriors
  2 skeletal warriors (D:13)
  An unseen horror (D:13)
  A flayed ghost (D:13)
  A wizard (D:14)
  2 ugly things
  A manticore (D:11)
  2 cyclopes
  3 centaur zombies
  Maurice (D:8)
  2 gargoyles
  Joseph (D:8)
  Maggie (D:9)
  An efreet (D:14)
  3 trolls
  Prince Ribbit (D:7)
  Grinder (D:4)
  6 hippogriffs
  2 centaur simulacra (D:13)
  Sigmund (D:3)
  2 wraiths
  A wyvern (D:13)
  Grum (D:8)
  A steam dragon (D:9)
  19 yaks
  A basilisk (D:14)
  7 vampire mosquitoes
  2 wargs (D:10)
  Edmund (D:3)
  Duvessa (D:7)
  7 orc warriors
  4 black bears
  A necrophage (D:11)
  An eye of draining (D:10)
  A hornet zombie (D:13)
  2 ice beasts
  3 sky beasts
  2 phantoms
  6 ogres
  4 wolves (D:8)
  10 centaurs
  4 big kobolds
  10 bullfrogs
  Dowan (D:7)
  2 wyvern skeletons
  A water moccasin skeleton (D:8)
  16 killer bees
  4 scorpions
  28 wights
  2 howler monkeys
  2 bullfrog zombies
  8 jellies
  2 centaur skeletons
  18 orc priests
  3 bullfrog skeletons
  3 hounds
  12 orc wizards
  Jessica (D:3)
  Natasha (D:2)
  3 iguanas
  Ijyb (D:3)
  A statue (D:6)
  10 worker ants
  Robin (D:4)
  4 gnolls (D:3)
  2 howler monkey skeletons (D:7)
  9 adders
  2 shadow imps
  3 white imps
  4 ufetubi
  An adder skeleton (D:4)
  A worm (D:2)
  A dart slug (D:2)
  9 leopard geckos
  57 orcs
  5 ball pythons
  13 giant cockroaches
  12 goblins
  13 hobgoblins
  8 jackals (D:1)
  30 kobolds
  3 quokkas
  7 bats
  5 frilled lizards
  A jackal zombie (D:5)
  A leopard gecko skeleton (D:4)
  3 quokka zombies
  8 rats
459 creatures vanquished.

Vanquished Creatures (others)
  A manticore (D:14)
1 creature vanquished.

Grand Total: 460 creatures vanquished

Notes
Turn   | Place    | Note
-------+----------+-------------------------------------------
     0 | D:1      | MrTaco21 the Gargoyle Fighter began the quest for the Orb.
     0 | D:1      | Reached XP level 1. HP: 14/14 MP: 1/1
    92 | D:1      | Reached XP level 2. HP: 16/19 MP: 2/2
   526 | D:1      | Reached XP level 3. HP: 19/23 MP: 3/3
   791 | D:2      | Noticed Natasha
   800 | D:2      | Killed Natasha
   800 | D:2      | Reached XP level 4. HP: 14/28 MP: 4/4
  1668 | D:3      | Reached skill level 5 in Maces & Flails
  1668 | D:3      | Reached XP level 5. HP: 32/32 MP: 5/5
  2008 | D:3      | Noticed Jessica
  2014 | D:3      | Found an opulent altar of Gozag.
  2018 | D:3      | Killed Jessica
  2018 | D:3      | Reached XP level 6. HP: 34/37 MP: 6/6
  2097 | D:3      | Found a white marble altar of Elyvilon.
  2219 | D:3      | Noticed Sigmund
  2478 | D:3      | Killed Sigmund
  2695 | D:3      | Reached XP level 7. HP: 40/41 MP: 7/7
  2748 | D:3      | Found an ornate altar of the Wu Jian Council.
  2815 | D:3      | Noticed Ijyb
  2837 | D:3      | Killed Ijyb
  2909 | D:3      | Found a faded altar of an unknown god.
  2956 | D:4      | Noticed Robin
  2960 | D:4      | Noticed Edmund
  3118 | D:3      | Killed Edmund
  3251 | D:4      | Killed Robin
  3372 | D:4      | Found a staircase to the Ecumenical Temple.
  3415 | D:4      | Noticed Grinder
  3425 | D:4      | Killed Grinder
  3425 | D:4      | Reached XP level 8. HP: 46/46 MP: 8/8
  4453 | Temple   | Entered the Ecumenical Temple
  4555 | D:5      | Entered Level 5 of the Dungeon
  4562 | D:5      | Found a shattered altar of Ashenzari.
  4628 | D:5      | Reached skill level 10 in Maces & Flails
  4865 | D:5      | Found a glowing silver altar of Zin.
  4946 | D:5      | Noticed a two-headed ogre
  5390 | D:5      | Found Cehimpic's Weapon Shop.
  5522 | D:5      | Killed a two-headed ogre
  5522 | D:5      | Reached XP level 9. HP: 23/51 MP: 9/9
  6175 | D:6      | Got a translucent dagger
  6185 | D:6      | Found a shadowy altar of Dithmenos.
  6217 | D:6      | Found a radiant altar of Vehumet.
  6722 | D:7      | Found a sacrificial altar of Ru.
  6841 | D:7      | Noticed Duvessa
  6842 | D:7      | Noticed Dowan
  6853 | D:7      | Killed Duvessa
  6856 | D:7      | Killed Dowan
  6866 | D:7      | Noticed Prince Ribbit
  6879 | D:7      | Killed Prince Ribbit
  6896 | D:7      | Reached XP level 10. HP: 51/56 MP: 10/10
  7213 | D:7      | Got a smoking dagger
  7396 | D:7      | Identified the +9 dagger "Jyplimem" {holy, rC++ MR+} (You
                  | found it on level 7 of the Dungeon)
  7397 | D:7      | Identified the +9 dagger of Inquiry {elec, rC+ MR+ Stlth+}
                  | (You found it on level 6 of the Dungeon)
  7575 | D:8      | Found a blossoming altar of Fedhas.
  7680 | D:8      | Found a burning altar of Makhleb.
  7736 | D:8      | Reached skill level 4 in Shields
  7758 | D:8      | Reached skill level 5 in Shields
  7981 | D:8      | Found a basalt altar of Yredelemnul.
  8132 | D:8      | Noticed Maurice
  8167 | D:8      | Killed Maurice
  8167 | D:8      | Reached skill level 6 in Shields
  8207 | D:8      | Noticed Joseph
  8227 | D:8      | Killed Joseph
  8274 | D:8      | Noticed Grum
  8288 | D:8      | Killed Grum
  8288 | D:8      | Reached skill level 7 in Shields
  8464 | D:8      | Reached skill level 8 in Shields
  8749 | D:9      | Noticed Maggie
  8772 | D:9      | Killed Maggie
  8826 | D:9      | Found a hazy altar of Hepliaklqana.
  8956 | D:9      | Reached skill level 9 in Shields
  8961 | D:9      | Reached XP level 11. HP: 60/60 MP: 11/11
  9130 | D:9      | Found an iron altar of Okawaru.
  9190 | D:9      | Became a worshipper of Warmaster Okawaru
  9297 | D:9      | Noticed a two-headed ogre
  9325 | D:9      | HP: 1/60 [warg (7)]
  9336 | D:9      | HP: 1/60 [warg (9)]
  9374 | D:10     | Entered Level 10 of the Dungeon
  9563 | D:10     | Reached skill level 10 in Shields
  9778 | D:10     | Found a staircase to the Lair.
  9805 | D:9      | Found a staircase to the Orcish Mines.
 10353 | D:9      | Killed a two-headed ogre
 10353 | D:9      | Reached * piety under Okawaru
 10353 | D:9      | Reached skill level 11 in Shields
 10858 | D:10     | Reached ** piety under Okawaru
 10874 | D:10     | Reached skill level 12 in Shields
 11199 | D:10     | Noticed a cyclops
 11214 | D:10     | Killed a cyclops
 11744 | D:11     | Noticed a manticore
 12036 | D:11     | Killed a manticore
 12144 | D:11     | Noticed a two-headed ogre
 12183 | D:11     | Reached skill level 13 in Shields
 12390 | D:11     | Reached XP level 12. HP: 64/64 MP: 12/12
 12421 | D:11     | Reached *** piety under Okawaru
 12767 | D:11     | Found a runed translucent gate.
 12767 | D:11     | Noticed jonnos's ghost (novice DrCj)
 12768 | D:11     | Found a runed translucent gate.
 12769 | D:11     | Found a runed translucent gate.
 12776 | D:11     | Found a roughly hewn altar of Beogh.
 12814 | D:11     | Reached skill level 14 in Shields
 13386 | D:12     | Received a gift from Okawaru
 13470 | D:12     | Reached **** piety under Okawaru
 13537 | D:12     | Noticed a seven-headed hydra
 14721 | D:12     | Got a dazzling scale mail
 14790 | D:12     | Noticed a two-headed ogre
 14801 | D:12     | Killed a two-headed ogre
 14845 | D:12     | Identified the +4 scale mail "Bin Ret" {MR+} (You found it
                  | on level 12 of the Dungeon)
 14972 | D:13     | Noticed a centaur warrior
 14985 | D:12     | Reached skill level 15 in Shields
 15078 | D:13     | Killed a centaur warrior
 15086 | D:13     | Reached ***** piety under Okawaru
 15097 | D:13     | Found a transporter.
 15173 | D:13     | Found a transporter.
 15173 | D:13     | Noticed Foren's ghost (journeyman TeAE)
 15627 | D:13     | Identified the ring "Kiffach" {Fire rN+ Dex+3 Slay+3}
 15631 | D:13     | Reached skill level 5 in Fighting
 15631 | D:13     | Reached skill level 5 in Armour
 15689 | D:13     | Got a brightly glowing chain mail
 15807 | D:13     | Identified the +4 chain mail of Elyvilon's Inspiration
                  | {Harm Str+8 Int-5 Dex-4} (You found it on level 13 of the
                  | Dungeon)
 15867 | D:13     | Found a gate to the Vaults.
 15867 | D:13     | Noticed a two-headed ogre
 15867 | D:13     | Noticed a vault guard
 15867 | D:13     | Noticed a vault guard
 15867 | D:13     | Noticed a vault guard
 15867 | D:13     | Noticed a vault guard
 15956 | D:13     | Killed a vault guard
 15983 | D:13     | Killed a vault guard
 16011 | D:13     | Killed a vault guard
 16011 | D:13     | Reached XP level 13. HP: 19/76 MP: 13/13
 16373 | D:13     | Killed a vault guard
 16373 | D:13     | Reached ****** piety under Okawaru
 16764 | D:13     | Found a portal to a secret trove of treasure.
 16873 | D:13     | Killed Foren's ghost
 16873 | D:13     | Received a gift from Okawaru
 17442 | D:14     | Slain by a wyvern simulacrum

Illustrated notes

Levels and vault maps discovered:
D:1:      dpeg_arrival_fog, layout_rooms
D:2:      layout_loops_ring, st_stairs_10, uniq_natasha
D:3:      layout_rooms, marbit_many_paths, grunt_temple_overflow_open,
          chequers_ecumenical_altar_simple_redux, uniq_ijyb, uniq_sigmund,
          uniq_jessica
D:4:      layout_layer_cave, temple_pool_b, st_stairs_14, uniq_grinder,
          uniq_edmund, uniq_robin
D:5:      layout_loops_ring, zin_statuary, evilmike_ruin_ashenzari,
          serial_shops, nicolae_shop_window_shopping
D:6:      layout_layer_cave, vehumet_statue, nicolae_dithmenos_shadow_blocks
D:7:      layout_basic, minmay_crystal_room, nicolae_ru_awakened_eye,
          uniq_duvessa, uniq_prince_ribbit1
D:8:      layout_basic, lemuel_round_altar, nicolae_overflow_crystal_walls,
          kennysheep_little_box, serial_curves, eino_curves_01, eino_curves_03,
          uniq_maurice, uniq_grum, uniq_joseph
D:9:      layout_grid_maze, kennysheep_mini_moat, kennysheep_mini,
          minmay_orc_entry_guard_dogs, uniq_maggie
D:10:     layout_layer_cave, dpeg_oklobed_lair, hangedman_abyss_or_decor_passed,
          kennysheep_generic_room_8
D:11:     layout_small_grid, biasface_ghost_orc_armoury
D:12:     layout_loops_corners
D:13:     layout_long_grid, lightli_vaults_fourway_checkpoint,
          gammafunk_ghost_mausoleum, trove_entry_hex_spiral
D:14:     layout_cave_pools, hex_medium, guppyfry_shop_venom
Temple:   compressed_dpeg_circular_temple

Skill      XL: |  1  2  3  4  5  6  7  8  9 10 11 12 13 |
---------------+----------------------------------------+-----
Maces & Flails | 3 4 5 6 7 9 11 13 14 | 14.0
Shields        | 9 13 15 | 15.0
Fighting       | 6 9 |  9.6
Armour         | 6 9 |  9.7

Action                   |  1- 3 |  4- 6 |  7- 9 | 10-12 | 13-15 || total
-------------------------+-------+-------+-------+-------+-------++-------
Melee: Flail             |   117 |   181 |   382 |  1305 |   189 ||  2174
       Unarmed           |       |       |     3 |       |       ||     3
Throw: Dart              |       |       |     6 |    37 |       ||    43
  Use: Scroll            |       |     4 |     3 |    16 |       ||    23
       Potion            |       |       |       |     3 |       ||     3
Armor: Scale mail        |    57 |    91 |    75 |    60 |       ||   283
       Plate armour      |       |       |   108 |    21 |       ||   129
       Chain mail        |       |       |       |   395 |    62 ||   457
Dodge: Dodged            |    38 |    81 |    80 |   214 |    39 ||   452
Block: Kite shield       |    71 |    38 |   153 |  1079 |   189 ||  1530
       Buckler           |       |    30 |    61 |       |       ||    91
       Other             |       |       |     1 |       |       ||     1
       Reflection        |       |       |     2 |    33 |    27 ||    62

Table legend: (Time is in decaauts)
 A = Elapsed time spent in this place.
 B = Non-inter-level travel time spent in this place.
 C = Inter-level travel time spent in this place.
 D = Time resting spent in this place.
 E = Time spent auto-exploring this place.
 F = Levels seen in this place.
 G = Mean time per level.
                   A        B        C        D        E       F      G
               +--------+--------+--------+--------+--------+-----+--------+
         Total |  17108 |  16260 |    848 |   3863 |   8625 |  15 | 1140.5 |
       Dungeon |  17019 |  16178 |    841 |   3863 |   8548 |  14 | 1215.6 |
        Temple |     88 |     81 |      7 |      0 |     77 |   1 |   88.0 |
               +--------+--------+--------+--------+--------+-----+--------+

Top non-repeatable levels by time:
    D:13: 2090 daAuts
    D:10: 1793 daAuts
    D:11: 1743 daAuts
     D:3: 1620 daAuts
    D:12: 1360 daAuts
     D:9: 1359 daAuts
     D:8: 1177 daAuts
     D:5: 1148 daAuts
     D:2: 1096 daAuts
     D:4: 1003 daAuts
     D:7: 969 daAuts
     D:1: 827 daAuts
     D:6: 696 daAuts
    D:14: 134 daAuts
  Temple: 88 daAuts
